 Dungeon Crawl Stone Soup version 0.19.1 (webtiles) character file.

2151 Faca the Shield-Bearer (level 9, -2/68 HPs)
             Began as a Formicid Fighter on Dec 4, 2016.
             Was a Believer of Okawaru.
             Slain by a slave (6 damage)
             ... led by Pikel
             ... on level 7 of the Dungeon.
             The game lasted 00:19:36 (6186 turns).

Faca the Shield-Bearer (Formicid Fighter)           Turns: 6186, Time: 00:19:37

Health: -2/68      AC:  7    Str: 21      XL:     9   Next: 56%
Magic:  9/9        EV: 16    Int:  8      God:    Okawaru [**....]
Gold:   444        SH: 11    Dex:  8 (11) Spells: 0 memorised, 8 levels left

rFire  . . .     SeeInvis +     n - +2 mace (holy)
rCold  . . .     Gourm    .     r - +1 ring mail of a bazaar {*Slow +Fly Dex-2 Stlth+}
rNeg   + + +     Faith    .     c - +1 shield
rPois  .         Spirit   .     (helmet unavailable)
rElec  .         Reflect  .     (no cloak)
rCorr  .         Harm     .     (no gloves)
MR     .....                    (no boots)
Stlth  ++........               (no amulet)
                                p - ring of Ucwifoc {Wiz rN+++}
                                g - +5 ring of evasion

@: no status effects
A: permanent stasis, dig shafts and tunnels, four strong arms, antennae 3
a: Dig, Shaft Self, Heroism, Renounce Religion, Evoke Flight


You were on level 7 of the Dungeon.
You worshipped Okawaru.
Okawaru was pleased with you.
You were not hungry.

You visited 1 branch of the dungeon, and saw 7 of its levels.
You also visited: Ossuary.

You collected 444 gold pieces.

Inventory:

Hand Weapons
 a - a +0 war axe
 n - a +2 mace of holy wrath (weapon)
Armour
 c - a +1 shield (worn)
 r - the +1 ring mail of a bazaar (worn) {*Slow +Fly Dex-2 Stlth+}
   (You found it on level 5 of the Dungeon)

   It affects your dexterity (-2).
   It lets you fly.
   It may slow you when you take damage.
   It makes you more stealthy.
Jewellery
 b - an uncursed ring of positive energy
 g - a +5 ring of evasion (left hand)
 p - the ring of Ucwifoc (right hand) {Wiz rN+++}
   (You found it on level 4 of the Dungeon)

   [ring of wizardry]

   It improves your spell success rate.
   It renders you almost immune to negative energy.
Scrolls
 d - a scroll of enchant weapon
 j - a scroll of remove curse
Potions
 e - 2 potions of cancellation
 h - 2 potions of magic
 i - 4 potions of curing {unknown}
 l - a potion of flight {unknown}
 m - 5 potions of lignification {unknown}
 o - a potion of mutation {unknown}
 q - a potion of cure mutation {unknown}
Comestibles
 f - 2 bread rations


   Skills:
 + Level 5.2 Fighting
 + Level 6.0(6.8) Axes
 + Level 4.9(6.2) Maces & Flails
 * Level 6.2 Armour
 + Level 3.3 Dodging
 - Level 2.0 Stealth
 + Level 7.5 Shields


You had 8 spell levels left.
You didn't know any spells.

Dungeon Overview and Level Annotations

Branches:
Dungeon (7/15)             Temple (0/1) D:7

Altars:
Ashenzari
Dithmenos
Elyvilon
Fedhas
Gozag
Hepliaklqana
Kikubaaqudgha
Makhleb
Okawaru
Ru
Trog
Uskayaw
Xom
Yredelemnul

Annotations:
D:7 Pikel


Innate Abilities, Weirdness & Mutations

You are under a permanent stasis effect.
You can dig through walls and to a lower floor.
Your four strong arms can wield two-handed weapons with a shield.
You have a pair of large antennae on your head. (SInv)


Message History

You block the bullfrog's attack. The slave hits you but does no damage.
The slave hits you! You block the slave's attack. The bullfrog misses you.
Pikel hits you with a whip of flaming. Pikel burns you. The slave hits you. x2
* * * LOW HITPOINT WARNING * * *
The slave hits you.
* * * LOW HITPOINT WARNING * * *
You closely miss Pikel.
Pikel is moderately wounded.
You block the slave's attack. You block the bullfrog's attack.
The slave closely misses you. Pikel closely misses you. The slave hits you.
* * * LOW HITPOINT WARNING * * *
The slave misses you. The bullfrog hits you.
* * * LOW HITPOINT WARNING * * *
The slave misses you.
You closely miss the bullfrog.
The bullfrog is almost dead.
The bullfrog completely misses you. You block Pikel's attack.
The slave closely misses you. x2; You block the slave's attack.
The slave hits you.
You die...

......................
........................
.#.#.#..................
........................
.#.#.#..................
........................
.#.#.#..................
......pKp...............
......F@................
......pp................
........................
##
########................
.# #................ .#
#................ .#
#.........(...... .#
#.......<.)...... .#
#.......)))......


You could see Pikel, 4 slaves and a bullfrog.

Vanquished Creatures
  Sigmund (D:2)
  Eustachio (D:6)
  An orc warrior (D:6)
  An ice beast (D:6)
  A phantom (D:6)
  2 centaurs (D:6)
  4 bullfrogs (D:6)
  Blork the orc (D:6)
  A scorpion (D:5)
  A howler monkey (D:4)
  2 crimson imps
  2 quasits
  A human zombie (Ossuary)
  5 hounds
  A bullfrog skeleton (D:4)
  2 orc priests
  7 orc wizards
  Natasha (thrice) (D:3)
  An iguana (D:6)
  3 worker ants
  2 mummies (Ossuary)
  A worker ant zombie (D:6)
  4 gnolls (D:4)
  5 adders
  2 shadow imps
  6 adder zombies
  2 worms
  2 dart slugs
  3 leopard geckos
  17 orcs
  A bat (D:2)
  A giant cockroach (D:5)
  9 goblins
  8 hobgoblins
  13 jackals
  5 kobolds
  3 quokkas
  2 ball pythons (D:1)
  6 frilled lizards
  A goblin zombie (Ossuary)
  5 hobgoblin zombies (Ossuary)
  3 jackal zombies (Ossuary)
  10 kobold zombies (Ossuary)
  2 leopard gecko skeletons
  A leopard gecko zombie (D:6)
  13 orc zombies (Ossuary)
  6 rats
  A rat zombie (Ossuary)
175 creatures vanquished.

Notes
Turn   | Place    | Note
-------+----------+-------------------------------------------
     0 | D:1      | Faca the Formicid Fighter began the quest for the Orb.
     0 | D:1      | Reached XP level 1. HP: 18/18 MP: 1/1
    82 | D:1      | Reached XP level 2. HP: 24/24 MP: 2/2
   746 | D:2      | Found a shimmering altar of Xom.
   748 | D:2      | Found a glowing golden altar of the Shining One.
   748 | D:2      | Found a shimmering altar of Xom.
   750 | D:2      | Found a hazy altar of Hepliaklqana.
   750 | D:2      | Found an ancient bone altar of Kikubaaqudgha.
   750 | D:2      | Found a hazy altar of Hepliaklqana.
   795 | D:2      | Reached XP level 3. HP: 27/29 MP: 3/3
   828 | D:2      | Found a hide-covered altar of Uskayaw.
   828 | D:2      | Noticed a hand axe
   828 | D:2      | Noticed a dagger
   900 | D:2      | Found a shattered altar of Ashenzari.
  1421 | D:2      | Noticed Sigmund
  1431 | D:2      | Killed Sigmund
  1431 | D:2      | Reached skill level 4 in Shields
  1431 | D:2      | Reached XP level 4. HP: 36/37 MP: 4/4
  1431 | D:2      | Reached XP level 5. HP: 41/42 MP: 5/5
  1431 | D:2      | Reached XP level 6. HP: 47/48 MP: 6/6
  1720 | D:2      | Found a white marble altar of Elyvilon.
  1720 | D:2      | Found a hazy altar of Hepliaklqana.
  1725 | D:2      | Found a faded altar of an unknown god.
  1727 | D:2      | Found an iron altar of Okawaru.
  1729 | D:2      | Found a sacrificial altar of Ru.
  1733 | D:2      | Became a worshipper of Warmaster Okawaru
  1824 | D:3      | Noticed Natasha
  1834 | D:3      | Killed Natasha
  1987 | D:3      | Noticed Natasha
  1993 | D:3      | Killed Natasha
  2139 | D:3      | Found a blossoming altar of Fedhas.
  2253 | D:3      | Noticed Natasha
  2263 | D:3      | Killed Natasha
  2904 | D:4      | Reached skill level 1 in Stealth
  2917 | D:4      | Reached XP level 7. HP: 40/54 MP: 7/7
  2924 | D:4      | Reached skill level 5 in Axes
  2929 | D:4      | Got a translucent granite ring
  2931 | D:4      | Identified the ring of Ucwifoc {Wiz rN+++} (You found it on level 4 of the Dungeon)
  2960 | D:4      | Reached skill level 1 in Dodging
  3063 | D:4      | Reached skill level 5 in Shields
  3106 | D:4      | Reached skill level 5 in Armour
  3120 | D:4      | Found a bloodstained altar of Trog.
  3338 | D:4      | Reached * piety under Okawaru
  3620 | D:5      | Entered Level 5 of the Dungeon
  4093 | D:5      | Reached XP level 8. HP: 60/60 MP: 8/8
  4297 | D:5      | Got a transparent ring mail
  4308 | D:5      | Identified the +1 ring mail of a bazaar {*Slow +Fly Dex-2 Stlth+} (You found it on level 5 of the Dungeon)
  4407 | D:6      | Reached skill level 1 in Maces & Flails
  4456 | D:6      | Noticed Eustachio
  4475 | D:6      | Killed Eustachio
  4503 | D:6      | Reached skill level 6 in Shields
  4542 | D:6      | Found a burning altar of Makhleb.
  4589 | D:6      | Found a sand-covered staircase.
  4596 | Ossuary  | Entered an ossuary
  5000 | D:6      | Reached ** piety under Okawaru
  5000 | D:6      | Reached XP level 9. HP: 62/67 MP: 9/9
  5043 | D:6      | Reached skill level 5 in Fighting
  5098 | D:6      | Noticed Blork the orc
  5130 | D:6      | Killed Blork the orc
  5198 | D:6      | HP: 1/68 [orc warrior/short sword (14)]
  5212 | D:6      | Reached skill level 7 in Shields
  5883 | D:7      | Found a staircase to the Ecumenical Temple.
  6070 | D:7      | Found a basalt altar of Yredelemnul.
  6073 | D:7      | Found a shadowy altar of Dithmenos.
  6074 | D:7      | Found an opulent altar of Gozag.
  6171 | D:7      | Noticed Pikel
  6186 | D:7      | Slain by a slave

Skill      XL: |  1  2  3  4  5  6  7  8  9 |
---------------+----------------------------+-----
Axes           | 3 4 5 6 |  6.0
Armour         | 4 5 6 |  6.2
Shields        | 4 5 6 7 |  7.5
Fighting       | 4 5 |  5.2
Stealth        | 1 2 |  2.0
Dodging        | 1 2 3 |  3.3
Maces & Flails | 3 4 |  4.9

Action                   |  1- 3 |  4- 6 |  7- 9 || total
-------------------------+-------+-------+-------++-------
Melee: War axe           |    75 |   119 |    97 ||   291
       Mace              |       |       |   432 ||   432
  Use: Scroll            |     8 |     5 |     6 ||    19
       Potion            |       |       |     4 ||     4
 Stab: Sleeping          |       |       |     2 ||     2
  Eat: Beef jerky        |     1 |       |       ||     1
       Meat ration       |       |     1 |     1 ||     2
       Fruit             |       |       |     3 ||     3
       Bread ration      |       |       |     1 ||     1
       Pizza             |       |       |     1 ||     1
Armor: Scale mail        |    29 |    50 |    47 ||   126
       Ring mail         |     1 |       |    84 ||    85
Dodge: Dodged            |    21 |    31 |   396 ||   448
Block: Shield            |    38 |    67 |   389 ||   494
